 Dungeon Crawl Stone Soup version 0.31-a0-656-gb4d89c20fa (webtiles) character file.

Game seed: 12058142089864267931

1453 heikuro the Shield-Bearer (level 9, -2/69 HPs)
             Began as a Formicid Fighter on Aug 30, 2023.
             Was a Follower of Cheibriados.
             Killed by divine providence
             ... invoked by an orc priest
              (12 damage)
             ... on level 6 of the Dungeon.
             The game lasted 00:08:42 (4661 turns).

heikuro the Shield-Bearer (Formicid Fighter)        Turns: 4661, Time: 00:08:42

Health: -2/69      AC: 14    Str: 28    XL:     9   Next: 5%
Magic:  9/9        EV: 12    Int: 11    God:    Cheibriados [*.....]
Gold:   251        SH:  7    Dex: 22    Spells: 8/8 levels left

rFire   . . .        a - +0 war axe
rCold   . . .        c - +0 buckler
rNeg    . . .        C - +0 plate armour
rPois   .            (helmet unavailable)
rElec   .            l - +0 cloak
rCorr   .            (no gloves)
SInv    +            (no boots)
Will    .....        (no amulet) Stlth
                     n - +6 ring of dexterity
HPRegen 0.31/turn    w - +5 ring of evasion
MPRegen 0.11/turn

%: no passive effects
@: very slow
A: permanent stasis, dig shafts and tunnels, antennae 3, four strong arms
a: Dig, Shaft Self, Renounce Religion, Bend Time


You were on level 6 of the Dungeon.
You worshipped Cheibriados.
Cheibriados was aware of your devotion.
You visited 1 branch of the dungeon, and saw 6 of its levels.

You collected 251 gold pieces.

Inventory:

Hand Weapons
 a - a +0 war axe (weapon)
 f - a +1 dagger of venom
 o - the +10 long sword "Xafaom" {holy, Int+3}
   (You found it on level 2 of the Dungeon)

   Int+3:     It affects your intelligence (+3).
Armour
 c - a +0 buckler (worn)
 l - a +0 cloak (worn)
 C - a +0 plate armour (worn)
Jewellery
 n - a +6 ring of dexterity (left hand)
 q - a ring of magical power
 w - a +5 ring of evasion (right hand)
Wands
 u - a wand of polymorph (9)
Scrolls
 g - a scroll of enchant weapon {unknown}
 h - a scroll of silence {unknown}
 i - a scroll of fog {unknown}
 k - a scroll of amnesia {unknown}
 p - a scroll of fear {unknown}
 r - a scroll of revelation {unknown}
 t - 3 scrolls of blinking {unknown}
 x - a scroll of noise {unknown}
 y - a scroll of poison {unknown}
 B - a scroll of torment {unknown}
Potions
 d - 2 potions of might
 e - 3 potions of curing
 j - a potion of mutation
 m - a potion of attraction
 s - a potion of degeneration {unknown}
 v - 2 potions of resistance {unknown}
 z - a potion of heal wounds {unknown}
 A - a potion of lignification {unknown}
 D - a potion of invisibility {unknown}


   Skills:
 + Level 6.1 Fighting
 * Level 6.9 Axes
 + Level 6.1 Armour
 + Level 7.3 Shields


You had 8 spell levels left.
You didn't know any spells.
Your spell library contained the following spells:

 Spells                   Type           Power      Damage    Failure   Level
 Ensorcelled Hibernation  Hex/Ice        0%         N/A       99%         2
 Anguish                  Hex/Necr       0%         N/A       100%        4


Dungeon Overview and Level Annotations

Branches:
Dungeon (6/15)
 Temple: D:4-7

Altars:
Ashenzari
Cheibriados
Fedhas
Sif Muna
Trog
Vehumet
Yredelemnul


Innate Abilities, Weirdness & Mutations

You cannot be hasted, slowed, berserked, paralysed or teleported.
You can dig through walls and to a lower floor.
You have a pair of large antennae on your head. (SInv)
Your four strong arms can wield two-handed weapons with a shield.


Message History

You hit the orc priest but do no damage.
You feel sick. The orc wizard barely misses you.
The orc priest hits you with a +0 hand axe of venom.
The orc warrior hits you with a +0 battleaxe!
You slash the orc wizard!
The orc wizard is severely wounded.
You hit the orc warrior but do no damage.
You slash the orc priest!
You feel sick. The orc wizard casts a spell at you.
The magic dart hits you but does no damage.
The orc priest hits you with a +0 hand axe of venom.
The orc warrior barely misses you.
You barely miss the orc wizard.
The orc wizard is severely wounded.
You hit the orc priest.
You hit the orc warrior but do no damage.
You feel sick. The orc wizard closely misses you.
The orc priest hits you with a +0 hand axe of venom.
You are more poisoned.
You block the orc warrior's attack.
The orc wizard hits you but does no damage.
The orc warrior hits you with a +0 battleaxe!
The orc priest looks encouraged for a moment.
You slash the orc wizard!
You kill the orc wizard!
Cheibriados appreciates the change of pace.
You closely miss the orc priest. You hit the orc warrior.
You feel very sick.
The orc priest calls down the wrath of Beogh upon you.
Beogh smites you!
The orc warrior hits you with a +0 battleaxe!!
* * * LOW HITPOINT WARNING * * *
Unknown command.
You feel better. You block the orc's attack.
The orc priest hits you but does no damage.
The orc warrior closely misses you. The orc hits you but does no damage.
The orc priest mumbles some strange prayers to Beogh against you.
Beogh smites you!
You die...

.....!..# .........
........#####
........#!..#
..........# ..oo....#
.... #oooo).# ....
#######@###.#.### #...
#............... +...
#.##.....####.######+...
#.#...##...##.......#
#.#.........#.....).)
##...........#...).[<#
#(.............#...)...#
###########........))..#
.......'.............


You could see an orc warrior, an orc priest and 4 orcs.

Vanquished Creatures
  Grinder (D:3)
  Eustachio (D:5)
  2 ogres (D:6)
  A phantom (D:4)
  A kobold brigand (D:5)
  A bullfrog (D:5)
  A scorpion (D:4)
  A howler monkey (D:4)
  A jelly (D:5)
  A gnoll bouda (D:4)
  Crazy Yiuf (D:5)
  3 orc priests
  Natasha (thrice) (D:4)
  2 iguanas
  4 orc wizards
  3 gnolls (D:4)
  8 adders
  A shadow imp (D:5)
  4 dart slugs
  20 orcs
  9 ball pythons
  6 bats
  7 endoplasms
  2 giant cockroaches
  8 goblins
  7 hobgoblins
  7 jackals
  8 kobolds
  A quokka (D:5)
  3 frilled lizards
  9 rats
127 creatures vanquished.

Notes
Turn   | Place    | Note
-------+----------+-------------------------------------------
     0 | D:1      | heikuro the Formicid Fighter began the quest for the Orb.
     0 | D:1      | Reached XP level 1. HP: 18/18 MP: 1/1
    67 | D:1      | Reached XP level 2. HP: 22/24 MP: 2/2
   740 | D:2      | Reached XP level 3. HP: 29/29 MP: 3/3
  1258 | D:2      | Identified the +10 long sword "Xafaom" {holy, Int+3}
  1917 | D:3      | Reached XP level 4. HP: 36/37 MP: 4/4
  2117 | D:3      | Noticed Grinder
  2124 | D:3      | Killed Grinder
  2125 | D:3      | Reached skill level 5 in Shields
  2125 | D:3      | Reached XP level 5. HP: 43/43 MP: 5/5
  2125 | D:3      | Reached XP level 6. HP: 49/49 MP: 6/6
  2415 | D:3      | Found a shimmering blue altar of Sif Muna.
  2479 | D:3      | Found a radiant altar of Vehumet.
  2479 | D:3      | Found a bloodstained altar of Trog.
  2751 | D:3      | Found a faded altar of an unknown god.
  2963 | D:4      | Reached XP level 7. HP: 53/55 MP: 7/7
  2967 | D:4      | Noticed Natasha
  2974 | D:4      | Killed Natasha
  3149 | D:4      | Found a snail-covered altar of Cheibriados.
  3154 | D:4      | Reached skill level 5 in Axes
  3155 | D:4      | Reached skill level 5 in Fighting
  3155 | D:4      | Reached skill level 5 in Armour
  3155 | D:4      | Reached skill level 6 in Shields
  3158 | D:4      | Became a worshipper of Cheibriados the Contemplative
  3237 | D:4      | Noticed Natasha
  3241 | D:4      | Killed Natasha
  3460 | D:4      | Noticed Natasha
  3465 | D:4      | Killed Natasha
  3538 | D:5      | Entered Level 5 of the Dungeon
  3538 | D:5      | Noticed Eustachio
  3554 | D:5      | Killed Eustachio
  3555 | D:5      | Reached XP level 8. HP: 32/62 MP: 8/8
  3666 | D:5      | Reached * piety under Cheibriados
  4008 | D:5      | Found a blossoming altar of Fedhas.
  4053 | D:5      | Found a basalt altar of Yredelemnul.
  4121 | D:5      | Found a runed translucent door.
  4122 | D:5      | Noticed Crazy Yiuf
  4130 | D:5      | Killed Crazy Yiuf
  4284 | D:5      | Found a broken altar of Ashenzari.
  4446 | D:6      | Reached skill level 7 in Shields
  4599 | D:6      | Reached XP level 9. HP: 63/69 MP: 9/9
  4659 | D:6      | HP: 3/69 [orc warrior/+0 battleaxe (18)]
  4661 | D:6      | Killed from afar by an orc priest

Illustrated notes

Levels and vault maps discovered:
D:1:      lightli_arrival_flooded_house, layout_basic
D:2:      layout_basic, nicolae_elevator_lobby_plus
D:3:      layout_basic, nicolae_overflow_two_pavilions, lemuel_blue_sif_altar,
          chequers_ecumenical_altar_lobes, dk_vineyard_1, uniq_grinder
D:4:      layout_basic, kennysheep_little_box, uniq_natasha
D:5:      layout_cave_pools, ashenzari_altar_1, nicolae_overflow_crystal_walls,
          fedhas_altar_3, minmay_tree_intersection, uniq_crazy_yiuf_cottage,
          uniq_eustachio
D:6:      layout_basic, minmay_temple_entry_slanted, uniq_maggie

Skill      XL: |  1  2  3  4  5  6  7  8 |
---------------+-------------------------+-----
Axes           | 3 4 5 6 |  6.9
Fighting       | 4 5 6 |  6.1
Armour         | 4 5 6 |  6.1
Shields        | 5 6 7 |  7.3

Action                     |  1- 3 |  4- 6 |  7- 9 || total
---------------------------+-------+-------+-------++-------
  Melee: War axe           |    74 |       |    38 ||   112
         Long sword        |    13 |    56 |   107 ||   176
Ability: Dig               |     1 |     1 |       ||     2
         Shaft Self        |       |       |     1 ||     1
    Use: Scroll            |       |     3 |     3 ||     6
         Potion            |       |       |     1 ||     1
 Armour: Scale mail        |    24 |       |       ||    24
         Chain mail        |    32 |    19 |    57 ||   108
         Skin              |       |    29 |       ||    29
         Plate armour      |       |       |    25 ||    25
  Dodge: Dodged            |    42 |    24 |   104 ||   170
  Block: Buckler           |    29 |    29 |    73 ||   131

Table legend: (Time is in decaauts)
 A = Elapsed time spent in this place.
 B = Non-inter-level travel time spent in this place.
 C = Inter-level travel time spent in this place.
 D = Time resting spent in this place.
 E = Time spent auto-exploring this place.
 F = Levels seen in this place.
 G = Mean time per level.
                   A        B        C        D        E       F      G
               +--------+--------+--------+--------+--------+-----+--------+
         Total |   5080 |   4735 |    345 |    287 |   3163 |   6 |  846.7 |
       Dungeon |   5080 |   4735 |    345 |    287 |   3163 |   6 |  846.7 |
               +--------+--------+--------+--------+--------+-----+--------+

Top non-repeatable levels by time:
     D:2: 1170 daAuts
     D:3: 1073 daAuts
     D:5: 1051 daAuts
     D:4: 902 daAuts
     D:1: 769 daAuts
     D:6: 111 daAuts
